 Dungeon Crawl Stone Soup version 0.20-a0-647-gf178af5 (webtiles) character file.

10927 nikopol the Basher (level 11, 0/71 HPs)
             Began as a Gargoyle Fighter on Feb 13, 2017.
             Was a High Priest of Okawaru.
             Slain by a phantasmal warrior (15 damage)
             ... led by a death knight
             ... on level 10 of the Dungeon on Feb 15, 2017.
             The game lasted 00:27:41 (9615 turns).

nikopol the Basher (Gargoyle Fighter)               Turns: 9615, Time: 00:27:42

Health: 0/71       AC: 31    Str: 22    XL:     11   Next: 69%
Magic:  11/11      EV: 13    Int:  9    God:    Okawaru [*****.]
Gold:   662        SH: 12    Dex: 10    Spells: 10/10 levels left

rFire    . . .     SeeInvis .   C - +2 flail (protect)
rCold    . . .     Gourm    .   R - +3 chain mail {MR+}
rNeg     + . .     Faith    .   c - +0 shield
rPois    ∞         Spirit   .   (no helmet)
rElec    +         Reflect  .   n - +0 cloak
rCorr    .         Harm     +   (no gloves)
MR       +....                  i - +0 pair of boots
Stlth    ..........             d - amulet of harm
Regen    0.3/turn               z - +4 ring of slaying
MPRegen  0.2/turn               H - +6 ring of evasion

@: protection aura
A: negative energy resistance 1, electricity resistance, unbreathing,
petrification resistance, rot immunity, AC +7
a: Heroism, Finesse, Renounce Religion


You were on level 10 of the Dungeon.
You worshipped Okawaru.
Okawaru was extremely pleased with you.
You were hungry.

You visited 2 branches of the dungeon, and saw 11 of its levels.
You also visited: Sewer.

You collected 662 gold pieces.

Inventory:

Hand Weapons
 a - a +0 flail
 C - a +2 flail of protection (weapon)
 P - a cursed +3 morningstar
Armour
 b - a +0 scale mail
 c - a +0 shield (worn)
 i - a +0 pair of boots (worn)
 n - a +0 cloak (worn)
 R - a +3 chain mail of magic resistance (worn)
Jewellery
 d - an amulet of harm (around neck)
 j - an uncursed ring of positive energy
 q - an uncursed ring of fire {unknown}
 y - an uncursed ring of protection from cold
 z - a +4 ring of slaying (right hand)
 H - a +6 ring of evasion (left hand)
 M - an uncursed ring of poison resistance {unknown}
Wands
 B - a wand of random effects (14/48)
 Q - a wand of lightning (7/15)
Scrolls
 e - 5 scrolls of remove curse
 h - 2 scrolls of enchant armour {unknown}
 l - 2 scrolls of enchant weapon {unknown}
 m - 5 scrolls of amnesia
 s - 3 scrolls of teleportation
 A - 3 scrolls of blinking
 I - 3 scrolls of magic mapping {unknown}
 J - 2 scrolls of identify
 K - 3 scrolls of fog
 L - a scroll of holy word {unknown}
 N - a scroll of recharging {unknown}
 O - a scroll of silence {unknown}
 T - 2 scrolls of torment {unknown}
Potions
 g - 7 potions of flight
 k - 3 potions of heal wounds
 o - 3 potions of magic
 p - 3 potions of brilliance
 t - a potion of berserk rage
 v - a potion of cancellation {unknown}
 w - a potion of might
 D - 3 potions of curing
 E - 2 potions of haste {unknown}
 G - a potion of agility {unknown}
Books
 u - a book of Minor Magic

   Spells                             Type                      Level
   a - Magic Dart                     Conjuration                  1
   b - Blink                          Translocation                2
   c - Call Imp                       Summoning                    2
   d - Slow                           Hexes                        2
   e - Conjure Flame                  Conjuration/Fire             3
   f - Mephitic Cloud                 Conjuration/Poison/Air       3
Comestibles
 f - 10 bread rations
 r - 4 fruits
 x - 4 meat rations
 F - 2 royal jellies


   Skills:
 + Level 9.4 Fighting
 * Level 11.4 Maces & Flails
 + Level 9.6 Armour
 + Level 9.9 Shields


You had 10 spell levels left.
You didn't know any spells.

Dungeon Overview and Level Annotations

Branches:
Dungeon (10/15)            Temple (1/1) D:4
   Lair: D:8-11         Orc: D:9-12

Altars:
Ashenzari
Cheibriados
Dithmenos
Elyvilon
Fedhas
Gozag
Hepliaklqana
Kikubaaqudgha
Makhleb
Nemelex Xobeh
Okawaru
Qazlal
Ru
Trog
Uskayaw
Vehumet
Xom
Yredelemnul
Zin
The Shining One

Shops:
D:8 }

Annotations:
D:7 exclusion: oklob plant


Innate Abilities, Weirdness & Mutations

You are resistant to torment.
Your stone body is resilient. (AC +7)
You are immune to poison.
You resist negative energy. (rN+)
You are resistant to electric shocks. (rElec)
You can survive without breathing.
You are immune to petrification.
You are immune to rotting.


Message History

The death knight hits you with a battleaxe!
* * * LOW HITPOINT WARNING * * *
The skeletal warrior completely misses you.
The phantasmal warrior barely misses you.
You hit the phantasmal warrior.
The phantasmal warrior is severely damaged.
The death knight calls down the wrath of Yredelemnul upon you.
You resist with some effort.
The skeletal warrior hits you from afar with a trident.
* * * LOW HITPOINT WARNING * * *
You hit the phantasmal warrior.
The phantasmal warrior is severely damaged.
You block the phantasmal warrior's attack.
The death knight calls down the wrath of Yredelemnul upon you.
You resist with some effort.
The skeletal warrior closely misses you.
You hit the phantasmal warrior.
The phantasmal warrior is almost destroyed.
The phantasmal warrior hits you!
You die...

#.# ###.#
#.# #.#
#.##########
#.#
#..........#
#.#
##########.#
#.# # #.# .#
#.# ..
#.#####z#
#...W@p.#
#.#######
#.# ###


You could see a death knight, a skeletal warrior and a phantasmal warrior.

Vanquished Creatures
  2 two-headed ogres
  Erica (D:10)
  The ghost of graki42 the Blocker, a novice GrFi of Trog (D:6)
  A freezing wraith (D:10)
  2 trolls
  2 hippogriffs
  The ghost of anet the Vandal, an amateur HaWz (Sewer)
  Sigmund (D:2)
  10 yaks
  A vampire (D:9)
  A steam dragon (D:5)
  A water moccasin (D:9)
  The ghost of azzavlup the Cutter, an amateur VSAr (D:3)
  Duvessa (D:4)
  3 sky beasts
  2 orc warriors
  An eye of draining (D:9)
  2 ice beasts (D:10)
  7 ogres
  3 phantoms
  A necrophage (D:9)
  5 centaurs
  A crocodile (D:8)
  2 big kobolds (Sewer)
  4 bullfrogs
  Blork the orc (D:4)
  Dowan (D:4)
  A water moccasin zombie (D:5)
  7 scorpions
  9 wights
  3 killer bees (D:8)
  2 howler monkeys
  A bullfrog zombie (D:5)
  9 crimson imps
  A quasit (D:9)
  2 centaur zombies
  3 jellies
  5 orc priests
  2 hounds
  4 orc wizards
  2 bullfrog skeletons
  2 iguanas
  8 worker ants
  A hound zombie (D:9)
  A howler monkey zombie (D:5)
  A worker ant zombie (D:5)
  13 adders
  6 gnolls
  A shadow imp (D:4)
  2 oozes
  3 adder skeletons
  An adder zombie (D:6)
  5 worms
  4 leopard geckos
  19 orcs
  4 ball pythons
  13 giant cockroaches
  11 goblins
  7 hobgoblins
  7 jackals
  20 kobolds
  8 quokkas
  9 bats
  2 frilled lizards
  2 leopard gecko skeletons
  A quokka zombie (D:9)
  31 rats
292 creatures vanquished.

Notes
Turn   | Place    | Note
-------+----------+-------------------------------------------
     0 | D:1      | nikopol the Gargoyle Fighter began the quest for the Orb.
     0 | D:1      | Reached XP level 1. HP: 14/14 MP: 1/1
   177 | D:1      | Reached XP level 2. HP: 19/19 MP: 2/2
   693 | D:2      | Reached XP level 3. HP: 17/23 MP: 3/3
   924 | D:2      | Noticed Sigmund
   956 | D:2      | Killed Sigmund
   956 | D:2      | Reached skill level 3 in Maces & Flails
   956 | D:2      | Reached XP level 4. HP: 20/29 MP: 4/4
   956 | D:2      | Reached XP level 5. HP: 23/33 MP: 5/5
  1072 | D:2      | Found a glowing silver altar of Zin.
  1079 | D:2      | Reached skill level 4 in Maces & Flails
  1294 | D:2      | Reached XP level 6. HP: 38/38 MP: 6/6
  1637 | D:3      | Noticed azzavlup's ghost (amateur VSAr)
  1659 | D:3      | Killed azzavlup's ghost
  2512 | D:4      | Found a staircase to the Ecumenical Temple.
  2523 | Temple   | Entered the Ecumenical Temple
  2677 | Temple   | Became a worshipper of Warmaster Okawaru
  2808 | D:4      | Reached XP level 7. HP: 44/44 MP: 7/7
  2819 | D:4      | Noticed Blork the orc
  2838 | D:4      | Killed Blork the orc
  2838 | D:4      | Reached skill level 5 in Maces & Flails
  2844 | D:4      | Reached skill level 5 in Shields
  2986 | D:4      | Reached skill level 5 in Armour
  3083 | D:4      | Noticed Duvessa
  3083 | D:4      | Noticed Dowan
  3095 | D:4      | Killed Duvessa
  3095 | D:4      | Reached skill level 5 in Fighting
  3105 | D:4      | Killed Dowan
  3420 | D:4      | Found a shadowy altar of Dithmenos.
  3775 | D:5      | Entered Level 5 of the Dungeon
  3840 | D:5      | Reached * piety under Okawaru
  3927 | D:5      | Reached XP level 8. HP: 5/49 MP: 8/8
  3976 | D:5      | Reached skill level 6 in Maces & Flails
  4357 | D:5      | Found a glowing drain.
  4372 | Sewer    | Entered a sewer
  4576 | Sewer    | Noticed anet's ghost (amateur HaWz)
  4590 | Sewer    | Killed anet's ghost
  4810 | D:5      | Reached ** piety under Okawaru
  5000 | D:5      | Reached skill level 7 in Maces & Flails
  5220 | D:5      | Reached XP level 9. HP: 55/55 MP: 9/9
  5319 | D:6      | Noticed graki42's ghost (novice GrFi)
  5325 | D:6      | Killed graki42's ghost
  5325 | D:6      | Reached *** piety under Okawaru
  5341 | D:6      | Reached skill level 8 in Maces & Flails
  5414 | D:6      | Found a white marble altar of Elyvilon.
  5654 | D:6      | Found an ancient bone altar of Kikubaaqudgha.
  5875 | D:6      | Found a glowing golden altar of the Shining One.
  5943 | D:7      | Found a sparkling altar of Nemelex Xobeh.
  6027 | D:7      | Noticed a moth of wrath
  6030 | D:7      | Found a bloodstained altar of Trog.
  6219 | D:7      | Found a basalt altar of Yredelemnul.
  6315 | D:7      | Found a burning altar of Makhleb.
  6315 | D:7      | Noticed an Executioner
  6333 | D:7      | Found a shimmering altar of Xom.
  6333 | D:7      | Noticed an oklob plant
  6371 | D:7      | Found a white marble altar of Elyvilon.
  6378 | D:7      | Found an opulent altar of Gozag.
  6583 | D:7      | Reached **** piety under Okawaru
  6680 | D:7      | Found a hide-covered altar of Uskayaw.
  6741 | D:7      | Reached XP level 10. HP: 60/63 MP: 10/10
  6744 | D:7      | Reached skill level 9 in Maces & Flails
  7235 | D:8      | Found Iqell's Quality Used Wands.
  7375 | D:8      | Found a shadowy altar of Dithmenos.
  7548 | D:8      | Noticed a two-headed ogre
  7554 | D:8      | Killed a two-headed ogre
  7554 | D:8      | Reached ***** piety under Okawaru
  7689 | D:8      | Found an ancient bone altar of Kikubaaqudgha.
  7792 | D:8      | Reached skill level 10 in Maces & Flails
  7994 | D:9      | Noticed a two-headed ogre
  8004 | D:9      | Killed a two-headed ogre
  8004 | D:9      | Received a gift from Okawaru
  8004 | D:9      | Reached XP level 11. HP: 25/69 MP: 11/11
  8700 | D:10     | Entered Level 10 of the Dungeon
  8785 | D:10     | Found an iron altar of Okawaru.
  8791 | D:10     | Upgraded the game from 0.20-a0-641-g673355a to 0.20-a0-642-g4ff03ff
  8791 | D:10     | Upgraded the game from 0.20-a0-642-g4ff03ff to 0.20-a0-647-gf178af5
  8852 | D:10     | Reached skill level 11 in Maces & Flails
  8856 | D:10     | Received a gift from Okawaru
  9120 | D:10     | Noticed Erica
  9135 | D:10     | Killed Erica
  9593 | D:10     | Noticed a skeletal warrior
  9595 | D:10     | Noticed a phantasmal warrior
  9597 | D:10     | Noticed a death knight
  9615 | D:10     | Slain by a phantasmal warrior

Vault maps used:
D:1:      minmay_arrival_jagged, hex_tiny
D:2:      lemuel_doored_altar, minmay_misc_feat_columns, minmay_rat_hole,
          uniq_sigmund
D:4:      minmay_temple_entry_butterflies, first_bread,
          nicolae_dithmenos_through_a_glass_darkly, uniq_blork_the_orc,
          uniq_duvessa
D:5:      gup_sewer_entry_glass, minmay_small_thing
D:6:      kiku_gazebo_pond_becter, tso_altar, minmay_ruined_shrine
D:7:      overflow_temple_1_default, nemelex_xobeh_ov_fountains_minmay,
          makhleb_altar_promises_db, tgw_trog, marbit_many_paths,
          nicolae_overflow_hidden_temple, lemuel_oklob_altar
D:8:      lemuel_round_altar, basic_altar, nicolae_for_you_no_charge
D:10:     hangedman_fish_farm, okawaru_metal_pillars_3, uniq_erica
Temple:   grunt_temple_mini_profane
Sewer:    kennysheep_pipe_town

Skill      XL: |  1  2  3  4  5  6  7  8  9 10 11 |
---------------+----------------------------------+-----
Fighting       | 4 5 6 7 8 9 |  9.4
Maces & Flails | 3 4 5 7 8 10 11 | 11.4
Armour         | 4 5 6 7 9 |  9.6
Shields        | 4 5 6 7 9 |  9.9

Action                   |  1- 3 |  4- 6 |  7- 9 | 10-12 || total
-------------------------+-------+-------+-------+-------++-------
Melee: Flail             |   160 |   188 |   404 |   357 ||  1109
Invok: Heroism           |       |       |       |     1 ||     1
  Use: Scroll            |       |       |    15 |     2 ||    17
       Potion            |       |       |     1 |       ||     1
  Eat: Chunk             |       |     4 |    14 |     9 ||    27
       Royal jelly       |       |     1 |       |       ||     1
Armor: Scale mail        |   148 |    78 |   216 |    94 ||   536
       Chain mail        |       |       |       |    30 ||    30
Dodge: Dodged            |    76 |    57 |   219 |   133 ||   485
Block: Shield            |   100 |    78 |   241 |   173 ||   592
